Map: Arctic Dream LE

Players

amphion

  • Race: Protoss Protoss
  • League: Platinum
  • Spawn Location: 11:00

swado

  • Race: Zerg Zerg
  • Spawn Location: 12:00

qqq

  • Race: Zerg Zerg
  • League: Platinum
  • Spawn Location: 6:00

Massa

  • Race: Terran Terran
  • League: Gold
  • Spawn Location: 5:00

VOD

Have the link to the VOD?

Description

Time

  • Played on: May 19, 2020, 12:54 p.m.
  • Length: 10:03
Show
View Real Time Build Order
Export as new Build Order

amphion Protoss 

Build Orders: Zealot Archon 

Get SALT Encoding   

  12  0:01  Probe  
  13  0:13  Probe  
  14  0:23  Pylon  
  14  0:25  Probe  
  15  0:41  Probe  
  16  0:44  Gateway  
  16  0:51  Assimilator  
  16  0:53  Probe  
  17  0:57  Assimilator  
  17  1:05  Probe  
  18  1:16  Pylon  
  18  1:17  Probe  
  19  1:29  Probe  
  20  1:36  Gateway  
  20  1:38  Cybernetics Core  
  20  1:41  Probe  
  21  2:01  Zealot  
  23  2:07  Probe  
  24  2:14  Warp Gate (Chrono Boost)  
  24  2:15  Nexus  
  24  2:19  Probe  
  25  2:27  Pylon  
  25  2:38  Probe  
  25  2:41  Stalker  
  28  2:50  Probe  
  28  2:51  Sentry  
  31  2:57  Pylon  
  31  3:02  Probe  
  31  3:05  Robotics Facility  
  32  3:17  Gateway  
  32  3:23  Probe (Chrono Boost)  
  33  3:27  Probe (Chrono Boost)  
  35  3:34  Probe (Chrono Boost)  
  35  3:36  Probe (Chrono Boost)  
  35  3:39  Probe (Chrono Boost)  
  35  3:41  Probe (Chrono Boost), Sentry  
  39  3:42  Stalker  
  42  3:48  Probe  
  42  3:52  Observer  
  42  3:53  Probe  
  45  4:00  Probe  
  46  4:05  Probe  
  47  4:13  Probe  
  47  4:14  Assimilator  
  48  4:17  Probe, Assimilator  
  49  4:25  Probe  
  50  4:38  Probe x2  
  52  4:54  Twilight Council  
  52  4:57  Forge  
  52  5:03  Robotics Bay  
  52  5:05  Pylon  
  52  5:06  Nexus  
  52  5:10  Pylon  
  52  5:14  Pylon  
  52  5:24  Pylon  
  52  5:26  Pylon  
  52  5:28  Probe x2, Pylon  
  54  5:29  Pylon  
  54  5:32  Pylon  
  54  5:34  Photon Cannon  
  54  5:39  Photon Cannon  
  54  5:40  Probe x2  
  56  5:45  Photon Cannon  
  56  5:52  Probe x2  
  56  5:53  Photon Cannon  
  58  5:58  Photon Cannon  
  58  6:04  Probe  
  58  6:09  Probe  
  59  6:16  Probe (Chrono Boost)  
  60  6:19  Shield Battery  
  60  6:23  Photon Cannon  
  60  6:25  Probe (Chrono Boost), Shield Battery  
  62  6:27  Protoss Ground Weapons Level 1  
  62  6:29  Probe (Chrono Boost)  
  62  6:30  Probe (Chrono Boost)  
  63  6:38  Probe x2 (Chrono Boost), Templar Archives  
  63  6:39  Probe (Chrono Boost)  
  66  6:46  Probe x3 (Chrono Boost)  
  69  6:50  Probe x2 (Chrono Boost)  
  71  6:55  Gateway x2  
  71  6:58  Gateway, Assimilator  
  71  7:00  Probe x2  
  71  7:01  Probe  
  74  7:02  Assimilator, Stalker  
  76  7:12  Probe x2  
  76  7:13  Probe, Psionic Storm  
  79  7:18  High Templar x2  
  83  7:30  Archon  
  83  7:33  High Templar  
  77  8:00  High Templar x3  
  77  8:01  High Templar  
  81  8:10  High Templar x2  
  85  8:13  Archon x2  
  85  8:20  Pylon  
  85  8:22  Probe x3  
  85  8:23  Pylon  
  85  8:26  Colossus, Nexus  
  94  8:34  Probe x3  
  94  8:39  Robotics Facility  
  97  8:41  Pylon  
  97  8:43  Photon Cannon  
  97  8:45  Pylon  
  97  8:46  Photon Cannon  
  97  8:49  Photon Cannon, Shield Battery  
  97  8:57  High Templar x3, Assimilator  
  97  8:58  High Templar  
  97  8:59  Stalker x2  
  97  9:01  Assimilator  
  109  9:09  Archon  
  109  9:11  Archon  
  109  9:17  Probe  
  109  9:18  Probe x2  
  118  9:29  Probe  
  118  9:30  Probe x2  
  127  9:39  Forge  
  127  9:42  Probe  
  128  9:45  Forge  
  128  9:48  Gateway  
  128  9:50  Gateway  
  128  9:52  Gateway  
  128  9:53  Gateway  
  128  9:55  Gateway  
  128  9:56  Gateway  
Show
View Real Time Build Order
Export as new Build Order

swado Zerg 

Build Orders: Hatch First 

Get SALT Encoding   

  12  0:01  Drone  
  13  0:09  Drone  
  14  0:34  Hatchery  
  13  0:37  Drone  
  14  0:53  Spawning Pool  
  14  0:56  Drone  
  14  1:04  Overlord  
  14  1:12  Extractor, Drone  
  14  1:23  Drone x2  
  16  1:29  Drone  
  17  1:41  Queen  
  17  1:44  Overlord  
  19  1:56  Drone  
  19  1:58  Drone x2  
  22  2:09  Drone  
  22  2:10  Queen  
  25  2:16  Metabolic Boost  
  25  2:19  Zergling x2  
  26  2:32  Zergling x2  
  26  2:33  Drone x3  
  30  2:38  Zergling x2  
  31  2:55  Zergling x8  
  31  2:58  Drone, Overlord  
  36  3:05  Lair  
  36  3:20  Zergling x2  
  36  3:21  Zergling x2  
  36  3:23  Drone x2  
  36  3:26  Zergling x6, Overlord  
  43  3:36  Drone  
  43  3:40  Extractor  
  43  3:42  Extractor, Overlord  
  42  3:49  Drone x2  
  42  3:52  Drone x2  
  42  3:53  Extractor  
  45  4:04  Hatchery  
  40  4:40  Spire  
  40  4:42  Overlord x2  
  40  4:44  Drone, Overlord  
  40  4:45  Drone x2  
  42  5:07  Hatchery  
  42  5:13  Overlord x2  
  41  5:16  Drone x3  
  41  5:17  Drone x2  
  46  5:25  Drone x3  
  49  5:29  Queen  
  49  5:30  Drone  
  49  5:31  Drone  
  53  5:59  Mutalisk x4, Zerg Flyer Weapons Level 1  
  53  6:00  Mutalisk  
  53  6:03  Drone  
  53  6:04  Drone x3  
  66  6:05  Mutalisk  
  66  6:10  Extractor, Drone  
  66  6:11  Drone x2  
  71  6:13  Extractor  
  71  6:16  Drone  
  71  6:19  Drone x2  
  71  6:23  Drone, Queen  
  76  6:38  Drone x3  
  76  6:39  Drone x2  
  81  6:45  Mutalisk x3  
  81  6:46  Mutalisk  
  89  6:49  Drone  
  89  6:52  Spore Crawler  
  89  7:02  Drone x2  
  89  7:03  Overlord x2  
  89  7:08  Spore Crawler  
  90  7:09  Spore Crawler  
  90  7:14  Drone x4  
  90  7:15  Drone  
  94  7:20  Mutalisk x2  
  94  7:21  Overlord  
  97  7:28  Spore Crawler  
  97  7:29  Spore Crawler  
  94  7:33  Spore Crawler  
  93  7:42  Overlord  
  93  7:44  Queen, Overlord x2  
  93  8:02  Mutalisk x3  
  93  8:03  Mutalisk x4  
  105  8:06  Overlord  
  105  8:11  Drone x3  
  108  8:18  Mutalisk, Overlord x2  
  110  8:31  Mutalisk  
  110  8:32  Mutalisk x4  
  118  8:47  Mutalisk x4  
  118  8:48  Mutalisk x2  
  128  8:59  Pneumatized Carapace  
  125  9:13  Mutalisk x3  
  125  9:14  Zergling x6  
  125  9:15  Zergling x14  
  139  9:33  Drone  
  139  9:36  Spine Crawler  
  139  9:37  Spine Crawler  
  136  9:40  Spine Crawler  
Show
View Real Time Build Order
Export as new Build Order

qqq Zerg 

Build Orders: Hatch First 

Get SALT Encoding   

  12  0:02  Drone  
  13  0:11  Drone  
  14  0:38  Hatchery  
  13  0:51  Spawning Pool  
  12  0:59  Overlord  
  12  1:04  Drone  
  12  1:07  Drone  
  14  1:13  Extractor  
  14  1:14  Drone  
  14  1:21  Drone  
  15  1:40  Queen  
  15  1:42  Drone  
  18  1:48  Drone  
  18  1:53  Queen  
  21  1:55  Drone  
  22  2:04  Spine Crawler  
  21  2:15  Drone  
  22  2:16  Spine Crawler  
  22  2:19  Drone  
  22  2:29  Drone  
  23  2:36  Drone, Spine Crawler  
  23  2:38  Drone  
  24  2:52  Lair  
  24  2:54  Drone  
  24  2:55  Drone  
  24  2:57  Drone  
  27  3:03  Drone  
  28  3:09  Extractor  
  28  3:10  Drone  
  28  3:12  Overlord  
  28  3:28  Overlord  
  28  3:31  Drone x2  
  32  3:55  Drone x3  
  32  3:56  Drone  
  34  4:04  Extractor  
  34  4:05  Extractor, Zergling x4  
  34  4:06  Zergling x2  
  34  4:07  Spire  
  34  4:13  Drone  
  34  4:14  Drone  
  36  4:22  Overlord  
  36  4:28  Overlord  
  36  4:44  Spine Crawler  
  36  4:45  Drone  
  36  4:49  Spine Crawler  
  36  4:50  Spore Crawler  
  34  4:54  Drone x3, Spore Crawler  
  34  4:55  Drone x2  
  38  5:03  Drone  
  38  5:04  Drone  
  40  5:15  Drone  
  41  5:21  Mutalisk  
  41  5:28  Drone x3  
  46  5:29  Mutalisk x2  
  46  5:32  Zerg Flyer Weapons Level 1  
  46  5:34  Drone  
  51  5:38  Overlord  
  51  5:52  Overlord  
  51  6:04  Mutalisk  
  51  6:08  Mutalisk  
  55  6:19  Mutalisk x3  
  61  6:28  Mutalisk  
  63  6:48  Mutalisk x2  
  63  6:50  Overlord x2  
  67  6:58  Hatchery  
  67  6:59  Metabolic Boost  
  66  7:02  Mutalisk  
  68  7:09  Drone  
  69  7:18  Mutalisk  
  71  7:24  Mutalisk  
  71  7:26  Zerg Flyer Armor Level 1  
  73  7:34  Mutalisk  
  75  7:39  Mutalisk x4  
  77  7:54  Mutalisk x2  
  63  8:06  Mutalisk  
  63  8:09  Zergling x16  
  66  8:17  Mutalisk  
  68  8:30  Drone x2  
  68  8:31  Mutalisk x2  
  74  8:48  Mutalisk  
  74  8:49  Mutalisk  
  74  8:52  Drone x2  
  74  8:53  Overlord  
  74  8:54  Overlord x2  
  74  8:55  Overlord  
  78  9:19  Mutalisk x3  
  75  9:43  Zergling x6  
  75  9:44  Zergling x4  
  75  9:45  Zergling x4  
Show
View Real Time Build Order
Export as new Build Order

Massa Terran 

Build Orders:  

Get SALT Encoding   

  12  0:10  Supply Depot  
  12  0:13  SCV  
  13  0:25  SCV  
  14  0:34  Barracks  
  14  0:37  SCV  
  15  0:45  Refinery  
  15  0:49  SCV  
  16  0:57  Supply Depot  
  16  1:01  SCV  
  17  1:13  SCV  
  18  1:19  Refinery  
  18  1:21  Marine  
  19  1:28  SCV  
  20  1:39  Marine  
  21  1:40  SCV  
  22  1:58  Marine  
  23  2:07  Factory  
  23  2:12  Barracks  
  23  2:17  Barracks Reactor  
  23  2:29  SCV, Command Center  
  24  2:41  SCV, Supply Depot  
  25  2:53  Factory Tech Lab, SCV  
  26  3:06  Starport  
  26  3:12  Orbital Command  
  26  3:21  Barracks Tech Lab  
  26  3:26  Siege Tank  
  29  3:34  Supply Depot  
  29  3:45  Engineering Bay  
  29  3:48  Starport Reactor  
  29  3:53  Marine x2  
  31  4:01  Marauder  
  30  4:23  Marauder  
  32  4:25  Medivac  
  32  4:28  Marine x2  
  36  4:34  SCV x2  
  38  4:45  Missile Turret  
  38  4:46  SCV x2, Marine x2  
  42  5:04  Marine x2  
  42  5:05  Missile Turret  
  44  5:10  Missile Turret  
  44  5:12  SCV x2  
  46  5:21  Missile Turret  
  46  5:22  Marine x2  
  46  5:24  SCV x2, Medivac x2  
  54  5:29  Missile Turret  
  54  5:34  Supply Depot  
  54  5:37  Supply Depot  
  54  5:40  Marauder  
  56  5:43  Missile Turret  
  56  5:45  SCV  
  57  5:57  SCV  
  58  6:09  SCV  
  58  6:11  Marauder  
  61  6:12  Marine x2  
  61  6:13  SCV  
  64  6:20  Medivac  
  64  6:21  SCV  
  64  6:22  Medivac  
  69  6:26  SCV  
  69  6:30  Marine x2  
  69  6:32  Marauder  
  74  6:33  SCV  
  74  6:34  Missile Turret  
  74  6:38  SCV, Supply Depot  
  76  6:40  Missile Turret  
  76  6:45  Missile Turret  
  76  6:47  Marine  
  76  6:50  Refinery  
  77  7:06  Medivac x2  
  81  7:10  Marauder, Marine x2  
  85  7:28  Marine  
  86  7:31  Command Center  
  86  7:33  Supply Depot  
  86  7:37  Combat Shield  
  86  7:54  Marine x2  
  86  7:57  Supply Depot  
  88  8:10  Siege Tank  
  88  8:12  Marine, Medivac  
  93  8:18  Marine, Supply Depot  
  95  8:21  Orbital Command, Supply Depot  
  95  8:30  Marine  
  96  8:41  Supply Depot  
  96  9:02  Siege Tank  
  99  9:03  Supply Depot  
  99  9:12  Armory  
  99  9:15  SCV  
  99  9:16  SCV  
  101  9:26  Supply Depot  
  101  9:27  SCV  
  101  9:28  SCV  
  95  9:31  Engineering Bay  
  89  9:40  SCV x2  
Tags
 
Add a new tag
Caveats
  • Supply blocks, unpowered buildings, or Contaminate may cause inaccurate times.
  • Supply counts are checked every 10 seconds.